 Dungeon Crawl Stone Soup version 0.23-a0-451-g1044d4cbad (webtiles) character file.

2360 Iloish the Digger (level 9, -6/51 HPs)
             Began as a Gargoyle Earth Elementalist on Nov 23, 2018.
             Was a Priest of Vehumet.
             Mangled by an orc warrior
             ... wielding a +0 broad axe
              (25 damage)
             ... in a bailey.
             The game lasted 00:16:50 (6979 turns).

Iloish the Digger (Gargoyle Earth Elementalist)     Turns: 6979, Time: 00:16:50

Health: -6/51      AC: 17    Str: 14    XL:     9   Next: 44%
Magic:  2/17       EV: 13    Int: 19    God:    Vehumet [***...]
Gold:   556        SH:  0    Dex: 10    Spells: 10/19 levels left

rFire    . . .     SeeInvis .   u - +2 short sword (venom)
rCold    . . .     Gourm    +   (no shield)
rNeg     + . .     Faith    .   c - +0 robe
rPois    ∞         Spirit   .   i - +2 hat
rElec    +         Reflect  .   y - +1 cloak
rCorr    .         Harm     .   z - +2 pair of gloves
MR       .....                  (no boots)
Stlth    ++........             q - amulet of the gourmand
HPRegen  0.17/turn              v - +2 ring of strength
MPRegen  0.15/turn              s - +2 ring of protection

@: no status effects
A: negative energy resistance 1, electricity resistance, unbreathing,
petrification resistance, rot immunity, AC +6
a: Renounce Religion


You were in a bailey.
You worshipped Vehumet.
Vehumet was most pleased with you.
You were very full.

You visited 2 branches of the dungeon, and saw 8 of its levels.
You also visited: Bailey.

You collected 556 gold pieces.

Inventory:

Hand Weapons
 a - a +0 club
 u - a +2 short sword of venom (weapon)
Missiles
 b - 248 stones (quivered)
Armour
 c - a +0 robe (worn)
 i - a +2 hat (worn)
 y - a +1 cloak (worn)
 z - a +2 pair of gloves (worn)
Jewellery
 e - an uncursed ring of protection from magic {unknown}
 o - an uncursed ring of stealth
 q - an amulet of the gourmand (around neck)
 s - a +2 ring of protection (right hand)
 t - an uncursed ring of ice
 v - a +2 ring of strength (left hand)
Wands
 w - a wand of iceblast (11)
 A - a wand of paralysis (12)
 B - a wand of disintegration (14)
Scrolls
 k - 3 scrolls of amnesia
 l - 2 scrolls of immolation
 n - 3 scrolls of blinking
 p - 2 scrolls of teleportation
Potions
 f - 3 potions of resistance
 g - 4 potions of curing
 h - 2 potions of brilliance
 j - 4 potions of heal wounds
 m - a potion of cancellation
 r - a potion of haste
 x - a potion of lignification
 C - a potion of flight {unknown}
Comestibles
 d - 14 rations
 D - 3 chunks of flesh


   Skills:
 + Level 3.2 Fighting
 + Level 2.9 Maces & Flails
 + Level 3.2 Armour
 + Level 3.1 Dodging
 - Level 2.1 Stealth
 + Level 5.6 Spellcasting
 + Level 6.0 Conjurations
   Level 0.7 Transmutations
 + Level 7.8 Earth Magic
 + Level 2.6 Evocations


You had 10 spell levels left.
You knew the following spells:

 Your Spells              Type           Power        Failure   Level  Hunger
a - Sandblast             Erth           #####.       1%          1    None
b - Stone Arrow           Conj/Erth      ####..       1%          3    ##.....
c - Lee's Rapid Deconstr  Erth           #####.....   3%          5    #####..

Your spell library contained the following spells:

 Spells                   Type           Power        Failure   Level  Hunger
 Ignite Poison            Fire/Tmut/Pois #.......     9%          3    ##.....
 Passwall                 Tmut/Erth      ###.....     3%          2    None
 Confusing Touch          Hex            #.....       12%         1    None
 Petrify                  Tmut/Erth      ###.....     21%         4    ####...
 Confuse                  Hex            #.......     34%         3    ##.....
 Gell's Gravitas          Tloc           #.........   34%         3    ##.....
 Yara's Violent Unravell  Hex/Tmut       #.........   54%         5    #####..
 Metabolic Englaciation   Hex/Ice        #.........   97%         5    #####..


Dungeon Overview and Level Annotations

Branches:
Dungeon (7/15)             Temple (1/1) D:4

Altars:
Ashenzari
Cheibriados
Dithmenos
Elyvilon
Fedhas
Gozag
Hepliaklqana
Nemelex Xobeh
Okawaru
Qazlal
Sif Muna
Trog
Uskayaw
Vehumet
Wu Jian
Xom
Yredelemnul

Shops:
D:6 [


Innate Abilities, Weirdness & Mutations

You are resistant to torment.
Your stone body is resilient. (AC +6)
You are immune to poison.
You resist negative energy. (rN+)
You are resistant to electric shocks. (rElec)
You can survive without breathing.
You are immune to petrification.
You are immune to rotting.


Message History

The orc warrior hits you with a +0 broad axe!
Unknown command.
Unknown command.
Casting: Lee's Rapid Deconstruction (safe; 3% risk of failure)
Confirm with . or Enter, or press ? or * to list all spells.
Aiming: Lee's Rapid Deconstruction (safe; 3% risk of failure)
Press: ? - help, Dir - move target cursor, f - orc knight Fragment what (e.g. wall or brittle monster)?: an orc knight, wielding a +0 war An open door.
The stone door frame shatters!
The blast of rock fragments hits the orc knight.
The orc knight is moderately wounded.
The blast of rock fragments hits the orc warrior.
The orc warrior is almost dead.
The blast of rock fragments hits the orc.
The orc is almost dead.
The blast of rock fragments hits the orc warrior.
The orc warrior is heavily wounded.
The orc warrior hits you with a +0 broad axe!!
You die...

#?!∩?? ?!...!
#...... .......
....... #######
....⌠.. ####
##.....##oo.....
##...
#.....@ooo).....
+....
##.......##......
##....
#.........# .....
#.....
##.........##
8.88##.....
#.....⌠.....#
+###.....⌠
##.........##
#.....
#.........#
#.....
##.......##
##.... #.......#
#....


You could see 2 orc knights, 2 orc warriors and an orc.

Vanquished Creatures
  Menkaure (D:6)
  A sky beast (D:4)
  5 orc warriors
  An ice beast (D:6)
  A centaur (D:6)
  2 ogres
  A big kobold (D:6)
  The ghost of nawrastar the Firebug, an amateur DEFE (D:3)
  A bullfrog (D:6)
  A howler monkey (D:4)
  A bullfrog zombie (D:6)
  A centaur zombie (D:6)
  4 hounds
  A bullfrog skeleton (D:5)
  A gnoll shaman (D:6)
  2 orc priests
  An iguana (D:5)
  8 orc wizards
  3 worker ants (D:4)
  A hound zombie (D:7)
  2 worker ant zombies
  16 gnolls
  6 adders
  A river rat (D:4)
  2 shadow imps (D:5)
  An ooze (D:2)
  2 adder skeletons
  4 worms
  2 dart slugs (D:1)
  7 leopard geckos
  28 orcs
  8 giant cockroaches
  21 goblins
  32 hobgoblins
  6 bats
  5 frilled lizards
  10 kobolds
  A leopard gecko skeleton (D:5)
  11 rats
  A plant (D:6)
204 creatures vanquished.

Notes
Turn   | Place    | Note
-------+----------+-------------------------------------------
     0 | D:1      | Iloish the Gargoyle Earth Elementalist began the quest for
                  | the Orb.
     0 | D:1      | Reached XP level 1. HP: 10/10 MP: 3/3
   169 | D:1      | Reached XP level 2. HP: 15/15 MP: 5/5
   228 | D:1      | Reached skill level 4 in Earth Magic
   683 | D:2      | Reached XP level 3. HP: 19/19 MP: 0/6
   688 | D:2      | Learned a level 3 spell: Stone Arrow
  1350 | D:2      | Found an ornate altar of the Wu Jian Council.
  1610 | D:3      | Reached skill level 1 in Conjurations
  1666 | D:3      | Reached XP level 4. HP: 19/24 MP: 8/8
  2013 | D:3      | Reached skill level 5 in Earth Magic
  2025 | D:3      | Found an opulent altar of Gozag.
  2102 | D:3      | Reached XP level 5. HP: 28/28 MP: 9/9
  2109 | D:3      | Learned a level 5 spell: Lee's Rapid Deconstruction
  2240 | D:3      | Found a runed door.
  2241 | D:3      | Noticed nawrastar's ghost (amateur DEFE)
  2435 | D:3      | Killed nawrastar's ghost
  2435 | D:3      | Reached XP level 6. HP: 25/32 MP: 7/11
  2439 | D:3      | Got a shimmering steel amulet
  2501 | D:3      | Identified the amulet of Itecw {Harm *Drain rElec Str+3
                  | Stlth+} (You found it on level 3 of the Dungeon)
  2644 | D:4      | Reached skill level 6 in Earth Magic
  2649 | D:4      | Reached XP level 7. HP: 17/36 MP: 4/13
  2708 | D:4      | Found a bloodstained altar of Trog.
  2926 | D:4      | Found a staircase to the Ecumenical Temple.
  2936 | Temple   | Entered the Ecumenical Temple
  2944 | Temple   | Became a worshipper of Vehumet
  3051 | D:4      | Found a deep blue altar of Sif Muna.
  3689 | D:5      | Entered Level 5 of the Dungeon
  3797 | D:5      | Reached * piety under Vehumet
  3797 | D:5      | Offered knowledge of Shock by Vehumet.
  4356 | D:5      | Reached skill level 7 in Earth Magic
  4356 | D:5      | Reached XP level 8. HP: 37/42 MP: 15/15
  4513 | D:5      | Reached skill level 1 in Maces & Flails
  4815 | D:6      | Found a sparkling altar of Nemelex Xobeh.
  4837 | D:6      | Reached skill level 1 in Fighting
  4837 | D:6      | Reached skill level 5 in Spellcasting
  4840 | D:6      | Reached skill level 1 in Armour
  4840 | D:6      | Reached skill level 5 in Conjurations
  4840 | D:6      | Reached skill level 1 in Evocations
  4967 | D:6      | Noticed Menkaure
  4971 | D:6      | Killed Menkaure
  5303 | D:6      | Reached XP level 9. HP: 42/49 MP: 17/17
  5321 | D:6      | Reached ** piety under Vehumet
  5321 | D:6      | Offered knowledge of Throw Flame by Vehumet.
  5741 | D:6      | Found Ereiwag's Armour Boutique.
  5983 | D:6      | Found a shattered altar of Ashenzari.
  5984 | D:6      | Found a hide-covered altar of Uskayaw.
  5985 | D:6      | Found a basalt altar of Yredelemnul.
  6270 | D:7      | Found a flagged portal.
  6278 | Bailey   | Entered a bailey
  6416 | Bailey   | Offered knowledge of Conjure Flame by Vehumet.
  6543 | Bailey   | Reached *** piety under Vehumet
  6636 | Bailey   | Offered knowledge of Ignite Poison by Vehumet.
  6969 | Bailey   | Noticed an orc knight
  6972 | Bailey   | Noticed an orc knight
  6979 | Bailey   | Mangled by an orc warrior

Vault maps used:
D:1:      dpeg_arrival_rhombus
D:2:      marbit_many_paths, first_ration
D:3:      minmay_evil_eye, ebering_ghost_inner_flame, hex_tiny,
          grunt_gozag_breadcrumbs
D:4:      kennysheep_little_box, lemuel_crystal_altar,
          minmay_temple_entry_large_hall, gup_sewer_entry_bubbles,
          minmay_distorted
D:5:      minmay_increasing_density
D:6:      kennysheep_housing_project, gammafunk_temple_overflow_forgotten,
          nicolae_overflow_crystal_walls, serial_shops, nicolae_shop_stone,
          minmay_misc_feat_x, st_stairs_12, uniq_menkaure
D:7:      enter_bailey_2
Temple:   eino_narrow_crystal_temple
Bailey:   bailey_axe_minmay_hex_keep, bailey

Skill      XL: |  1  2  3  4  5  6  7  8  9 |
---------------+----------------------------+-----
Earth Magic    | 4 5 6 7 |  7.8
Conjurations   | 1 2 3 4 5 6 |  6.0
Spellcasting   | 3 4 5 |  5.6
Maces & Flails | 2 |  2.9
Fighting       | 2 3 |  3.2
Armour         | 2 3 |  3.2
Dodging        | 2 3 |  3.1
Evocations     | 2 |  2.6
Stealth        | |  2.1
Transmutations | |  0.7

Action                   |  1- 3 |  4- 6 |  7- 9 || total
-------------------------+-------+-------+-------++-------
Melee: Club              |   142 |     8 |       ||   150
       Short sword       |       |    69 |   506 ||   575
 Cast: Sandblast         |    12 |    29 |    35 ||    76
       Lee's Rapid Decon |       |       |    12 ||    12
       Stone Arrow       |       |       |     1 ||     1
  Use: Scroll            |       |     6 |     8 ||    14
 Stab: Sleeping          |     9 |     2 |     3 ||    14
  Eat: Chunk             |     3 |    10 |    25 ||    38
Armor: Robe              |    71 |    33 |   264 ||   368
Dodge: Dodged            |   112 |    53 |   377 ||   542

Table legend:
 A = Non-vault XP
 B = Vault XP
 C = Vault XP percentage of total XP
 D = Non-vault monster count
 E = Vault monster count
 F = Vault count percentage of total count
                 A         B        C        D         E       F
            +---------+---------+-------+---------+---------+-------
      Total |    1567 |    1805 |  53.5 |     109 |      94 |  46.3
            +---------+---------+-------+---------+---------+-------
        D:1 |      23 |       0 |   0.0 |      11 |       0 |   0.0
        D:2 |      23 |       1 |   4.2 |      12 |       1 |   7.7
        D:3 |     186 |      98 |  34.5 |      35 |       2 |   5.4
        D:4 |     508 |     199 |  28.1 |      26 |       9 |  25.7
        D:5 |     181 |      45 |  19.9 |      14 |       1 |   6.7
        D:6 |     624 |    1023 |  62.1 |      10 |      32 |  76.2
        D:7 |      22 |       0 |   0.0 |       1 |       0 |   0.0
     Bailey |       0 |     439 | 100.0 |       0 |      49 | 100.0
            +---------+---------+-------+---------+---------+-------
